 Dungeon Crawl Stone Soup version 0.30-a0-414-gcb316572d5 (webtiles) character file.

Game seed: 16594975278457868836

3593 flotson the Trooper (level 9, 0/71 HPs)
             Began as a Demonspawn Delver on Dec 8, 2022.
             Was an Initiate of Hepliaklqana.
             Killed from afar by Dowan (19 damage)
             ... with a shard of ice
             ... on level 7 of the Dungeon.
             The game lasted 00:14:11 (5597 turns).

flotson the Trooper (Demonspawn Delver)             Turns: 5597, Time: 00:14:11

Health: 0/71       AC: 12    Str: 17    XL:     9   Next: 85%
Magic:  11/11      EV: 18    Int: 15    God:    Hepliaklqana [......]
Gold:   268        SH:  0    Dex: 15    Spells: 8/8 levels left

rFire   + . .      SeeInvis .    a - +2 morningstar (vorpal)
rCold   . . .      Faith    .    (no shield)
rNeg    . . .      Spirit   .    r - +3 ring mail "Reja" {Fly Regen+ Int+4 Stlth-}
rPois   .          Reflect  .    (helmet restricted)
rElec   .          Harm     .    z - +0 cloak
rCorr   +          Rampage  .    u - +0 pair of gloves
Will    .....                    k - +0 pair of boots
Stlth   +.........               (no amulet)
HPRegen 1.11/turn                h - ring of protection from fire
MPRegen 0.12/turn                i - ring of resist corrosion

@: agile, lethally poisoned (0 -> -2), flying
A: antennae 1, powered by pain 1, weakness stinger 2, demonic touch 2
a: Renounce Religion


You were on level 7 of the Dungeon.
You worshipped Hepliaklqana.
Hepliaklqana was noncommittal.
You visited 2 branches of the dungeon, and saw 8 of its levels.
You also visited: Sewer.

You collected 268 gold pieces.

Inventory:

Hand Weapons
 a - a +2 vorpal morningstar (weapon)
 b - a +1 trident of protection
 c - a +0 antimagic war axe
Missiles
 E - 6 javelins (quivered)
 F - 2 boomerangs
 K - 12 poisoned darts
 R - 5 atropa-tipped darts
Armour
 k - a +0 pair of boots (worn)
 r - the +3 ring mail "Reja" (worn) {Fly Regen+ Int+4 Stlth-}
   (You found it on level 3 of the Dungeon)

   Int:       It affects your intelligence (+4).
   Fly:       It grants you flight.
   Regen:     It increases your rate of health regeneration.
   Stlth:     It makes you less stealthy.
 u - a +0 pair of gloves (worn)
 z - a +0 cloak (worn)
Jewellery
 h - a ring of protection from fire (left hand)
 i - a ring of resist corrosion (right hand)
Wands
 g - a wand of digging (14)
 t - a wand of iceblast (14)
 y - a wand of polymorph (11)
 D - a wand of mindburst (3)
 J - a wand of flame (24)
 M - a wand of quicksilver (4)
 Q - a wand of paralysis (12)
Scrolls
 d - a scroll of magic mapping
 e - 2 scrolls of enchant weapon {unknown}
 f - a scroll of vulnerability {unknown}
 l - 4 scrolls of teleportation {unknown}
 m - 2 scrolls of noise {unknown}
 q - 9 scrolls of identify {unknown}
 s - a scroll of acquirement {unknown}
 B - a scroll of fog
 C - 2 scrolls of poison {unknown}
 G - 2 scrolls of enchant armour {unknown}
 H - 2 scrolls of fear
 I - a scroll of blinking {unknown}
Potions
 j - a potion of cancellation {unknown}
 n - 2 potions of resistance
 o - 4 potions of heal wounds {unknown}
 p - 2 potions of flight {unknown}
 v - a potion of degeneration {unknown}
 w - a potion of lignification {unknown}
 x - 5 potions of curing
 A - a potion of attraction {unknown}
 N - a potion of invisibility {unknown}
 O - 5 potions of haste
 P - a potion of magic {unknown}


   Skills:
 + Level 6.6 Fighting
 - Level 4.0(4.7) Axes
 + Level 3.6(4.5) Maces & Flails
 + Level 3.8 Throwing
 + Level 5.1 Armour
 + Level 5.5 Dodging
 - Level 5.0 Stealth
 + Level 2.7 Invocations
 + Level 5.6 Evocations


You had 8 spell levels left.
You didn't know any spells.
Your spell library contained the following spells:

 Spells                   Type           Power      Damage    Failure   Level
 Shock                    Conj/Air       0%         1d3       43%         1
 Cigotuvi's Dreadful Rot  Necr/Pois/Air  0%         N/A       56%         2
 Poisonous Vapours        Pois/Air       0%         N/A       56%         2
 Scorch                   Fire           0%         2d5       56%         2
 Dazzling Flash           Conj/Hex       0%         N/A       80%         3
 Mephitic Cloud           Conj/Pois/Air  0%         N/A       80%         3
 Swiftness                Air            0%         N/A       80%         3
 Vhi's Electric Charge    Tloc/Air       0%         N/A       80%         3
 Airstrike                Air            0%         2d(0-16)  99%         4
 Agony                    Necr           0%         N/A       100%        5
 Arcjolt                  Conj/Air       0%         1d10      100%        5
 Silence                  Hex/Air        0%         N/A       100%        5
 Maxwell's Capacitive Co  Air            0%         ∞         100%        8


Dungeon Overview and Level Annotations

Branches:
Dungeon (7/15)             Temple (1/1) D:6           Sewer (visited)

Altars:
Cheibriados
Fedhas
Hepliaklqana
Kikubaaqudgha
Nemelex Xobeh
Okawaru
Qazlal
Ru
Sif Muna
Trog
Uskayaw
Wu Jian
Yredelemnul

Annotations:
D:7 Dowan, Maggie, Prince Ribbit


Innate Abilities, Weirdness & Mutations

You have a pair of small antennae on your head.
You sometimes gain a little power by taking damage.
You have a tail ending in a sharp stinger.
Your touch may inflict irresistible damage on your foes.


Message History

The gnoll sergeant hits you from afar with a +0 spear of venom.
You are poisoned.
Prince Ribbit blinks!
There is a stone staircase leading up, spattered with blood here.
You feel very sick.
The gnoll sergeant completely misses you.
You see here a +0 dagger.
You sock Dowan!
Dowan is almost dead.
You feel sick.
Dowan gestures wildly while chanting.
Dowan blinks!
Prince Ribbit blinks!
Dowan points at you and mumbles some strange words.
The shard of ice misses you. The gnoll sergeant barely misses you.
You barely miss the gnoll sergeant. Your touch misses the gnoll sergeant.
The gnoll sergeant is moderately wounded.
You feel sick.
Prince Ribbit blinks!
Dowan casts a spell.
Dowan blinks!
The gnoll hits you with the +7 staff of the Meek {protect, meekguard}!
The gnoll sergeant barely misses you. Prince Ribbit misses you.
You barely miss the gnoll sergeant.
You tail-slap the gnoll sergeant, but do no damage.
The gnoll sergeant is moderately wounded.
You feel sick. The gnoll hits you but does no damage.
The gnoll sergeant hits you with a +0 spear of venom.
You are more poisoned.
Prince Ribbit hits you!
You focus on the pain.
You feel agile all of a sudden.
You are too injured to fight recklessly!
Prince Ribbit attacks as you move away! Prince Ribbit barely misses you.
You feel very sick. The gnoll sergeant misses you. Prince Ribbit hits you.
* * * LOW HITPOINT WARNING * * *
There is a stone staircase leading up, spattered with blood here.
You feel very sick. The gnoll sergeant misses you.
Prince Ribbit barely misses you. Dowan gestures at you while chanting.
The shard of ice hits you!!
You die...

#......ge#.##
#§######...#
#######.#
..###
#....##.# .##
#....#..# ..
#......## .#
#)))g### .#
#eFg.###..
#.@......#
##########


You could see Prince Ribbit, a gnoll sergeant, Dowan (fast) and a gnoll.

Vanquished Creatures
  Pikel (D:7)
  Grinder (Sewer)
  Sigmund (D:2)
  Duvessa (D:7)
  2 ice beasts
  A sky beast (D:6)
  An orc warrior (D:4)
  6 ogres
  A black bear (D:5)
  3 centaurs
  2 kobold brigands (Sewer)
  A necrophage (D:4)
  A bullfrog (D:6)
  3 scorpions
  A quasit (Sewer)
  Crazy Yiuf (D:3)
  4 orc priests
  3 jellies
  5 hounds
  Ijyb (D:3)
  Natasha (thrice) (D:2)
  3 iguanas
  4 orc wizards
  3 gnolls
  8 adders
  2 white imps (D:6)
  6 ufetubi
  An adder zombie (D:2)
  An adder skeleton (D:2)
  3 worms
  3 dart slugs
  30 orcs
  8 ball pythons
  A bat zombie (D:2)
  10 endoplasms
  9 giant cockroaches
  7 goblins
  9 hobgoblins
  18 kobolds
  A ball python skeleton (D:2)
  8 bats
  3 frilled lizards
  A quokka skeleton (D:2)
  A quokka zombie (D:2)
  8 rats
191 creatures vanquished.

Vanquished Creatures (others)
  An endoplasm (Sewer)
  2 fungi (D:3)
3 creatures vanquished.

Grand Total: 194 creatures vanquished

Notes
Turn   | Place    | Note
-------+----------+-------------------------------------------
     0 | D:5      | flotson the Demonspawn Delver began the quest for the Orb.
     0 | D:5      | Reached XP level 1. HP: 18/18 MP: 1/1
     7 | D:5      | Noticed an orc priest
     7 | D:5      | Noticed an ogre
    29 | D:4      | Noticed an orc wizard
    52 | D:5      | Noticed an ogre
   169 | D:1      | Discovered your monstrous ancestry.
   169 | D:1      | Gained mutation: You have a pair of small antennae on your
                  | head. [demonic ancestry]
   169 | D:1      | Reached XP level 2. HP: 24/24 MP: 2/2
   964 | D:1      | Gained mutation: Your touch may inflict minor irresistible
                  | damage on your foes. [demonic ancestry]
   964 | D:1      | Reached XP level 3. HP: 25/29 MP: 3/3
  1028 | D:2      | Reached skill level 1 in Armour
  1028 | D:2      | Reached skill level 1 in Evocations
  1136 | D:2      | Noticed Sigmund
  1207 | D:2      | Gained mutation: Your touch may inflict irresistible damage
                  | on your foes. [demonic ancestry]
  1207 | D:2      | Reached XP level 4. HP: 35/35 MP: 4/4
  1247 | D:2      | Noticed Natasha
  1257 | D:2      | Killed Natasha
  1278 | D:2      | Noticed Natasha
  1285 | D:2      | Killed Natasha
  1368 | D:2      | Gained mutation: You have a small tail. [demonic ancestry]
  1368 | D:2      | Reached XP level 5. HP: 41/41 MP: 5/5
  1393 | D:2      | Noticed Natasha
  1409 | D:2      | Killed Natasha
  1410 | D:2      | Reached skill level 5 in Stealth
  1594 | D:3      | Found a runed translucent door.
  1595 | D:3      | Noticed Crazy Yiuf
  1761 | D:3      | Found a basalt altar of Yredelemnul.
  1763 | D:3      | Found a blossoming altar of Fedhas.
  1763 | D:3      | Found a hide-covered altar of Uskayaw.
  1765 | D:3      | Found a stormy altar of Qazlal.
  1783 | D:3      | Noticed Ijyb
  1789 | D:3      | Killed Ijyb
  2017 | D:3      | Identified the +3 ring mail "Reja" {Fly Regen+ Int+4
                  | Stlth-}
  2245 | D:2      | Killed Sigmund
  2246 | D:2      | Reached skill level 4 in Fighting
  2246 | D:2      | Gained mutation: You sometimes gain a little power by
                  | taking damage. [demonic ancestry]
  2246 | D:2      | Reached XP level 6. HP: 16/48 MP: 6/6
  2477 | D:3      | Killed Crazy Yiuf
  2542 | D:4      | Reached XP level 7. HP: 46/55 MP: 7/7
  2553 | D:4      | Found a shimmering blue altar of Sif Muna.
  2565 | D:4      | Found a bloodstained altar of Trog.
  2633 | D:4      | Got Sif Muna's Volume of Fire
  3585 | D:5      | Reached XP level 8. HP: 61/61 MP: 8/8
  3592 | D:5      | Reached skill level 1 in Throwing
  3609 | D:5      | Reached skill level 5 in Fighting
  3784 | D:5      | Reached skill level 1 in Maces & Flails
  3914 | D:5      | Found a sacrificial altar of Ru.
  4206 | D:6      | Found a glowing drain.
  4225 | Sewer    | Entered a sewer
  4298 | Sewer    | Found a burning altar of Makhleb.
  4335 | Sewer    | Noticed Grinder
  4343 | Sewer    | Paralysed by Grinder for 3 turns
  4346 | Sewer    | Killed Grinder
  4347 | Sewer    | Gained mutation: You have a tail ending in a sharp stinger.
                  | [demonic ancestry]
  4347 | Sewer    | Reached XP level 9. HP: 61/69 MP: 9/9
  4538 | D:6      | Reached skill level 6 in Fighting
  4602 | D:6      | Reached skill level 5 in Dodging
  4602 | D:6      | Reached skill level 5 in Evocations
  5130 | D:6      | Found a staircase to the Ecumenical Temple.
  5136 | Temple   | Entered the Ecumenical Temple
  5144 | Temple   | Became a worshipper of Hepliaklqana the Forgotten
  5298 | D:6      | Reached skill level 1 in Invocations
  5384 | D:7      | Noticed Maggie
  5385 | D:7      | Noticed Duvessa
  5470 | D:7      | Noticed Dowan
  5477 | D:7      | Noticed Pikel
  5479 | D:7      | Killed Duvessa
  5490 | D:7      | Noticed Prince Ribbit
  5493 | D:7      | Killed Pikel
  5494 | D:7      | Reached skill level 5 in Armour
  5597 | D:7      | Killed from afar by Dowan

Illustrated notes

Levels and vault maps discovered:
D:1:      heliophobic_arrival_battle_scene, layout_loops_ring
D:2:      layout_rooms, serial_undead, serial_undead_b, serial_undead_e,
          serial_undead_a, serial_undead_d, nicolae_kite_square_tiling_tiny,
          uniq_natasha, uniq_sigmund
D:3:      layout_basic, grunt_temple_overflow_open, uniq_ijyb,
          uniq_crazy_yiuf_cottage
D:4:      layout_cave_pods, nzn_overflow_gifts_of_might_and_magic
D:5:      layout_basic, nicolae_ru_awakened_eye
D:6:      layout_basic, minmay_temple_entry_fiery, gup_sewer_entry_glass,
          minmay_increasing_density
D:7:      layout_rooms, uniq_prince_ribbit1, uniq_duvessa, uniq_pikel,
          uniq_maggie
Temple:   eino_temple_lava

Skill      XL: |  1  2  3  4  5  6  7  8  9 |
---------------+----------------------------+-----
Axes           | 2 3 4 |  4.0
Dodging        | 2 3 4 5 |  5.5
Armour         | 1 2 3 4 5 |  5.1
Evocations     | 1 2 3 4 5 |  5.6
Stealth        | 5 |  5.0
Fighting       | 4 5 6 |  6.6
Throwing       | 2 3 |  3.8
Maces & Flails | 2 3 |  3.6
Invocations    | 2 |  2.7

Action                   |  1- 3 |  4- 6 |  7- 9 || total
-------------------------+-------+-------+-------++-------
Melee: Hand axe          |   118 |    40 |       ||   158
       Punch             |     2 |     1 |     1 ||     4
       Touch             |     7 |    27 |    28 ||    62
       Trident           |       |    58 |       ||    58
       Mace              |       |    19 |       ||    19
       Tailslap          |       |    13 |    35 ||    48
       Quarterstaff      |       |     3 |    71 ||    74
       Morningstar       |       |       |   212 ||   212
Throw: Javelin           |       |       |     4 ||     4
       Dart              |       |       |     1 ||     1
Evoke: Wand              |       |       |     4 ||     4
  Use: Scroll            |     1 |       |     1 ||     2
       Potion            |       |       |     2 ||     2
 Stab: Sleeping          |     9 |     5 |     2 ||    16
Armor: Leather armour    |    10 |       |       ||    10
       Ring mail         |    36 |    52 |   228 ||   316
Dodge: Dodged            |    67 |    57 |   288 ||   412

Table legend: (Time is in decaauts)
 A = Elapsed time spent in this place.
 B = Non-inter-level travel time spent in this place.
 C = Inter-level travel time spent in this place.
 D = Time resting spent in this place.
 E = Time spent auto-exploring this place.
 F = Levels seen in this place.
 G = Mean time per level.
                   A        B        C        D        E       F      G
               +--------+--------+--------+--------+--------+-----+--------+
         Total |   5729 |   5500 |    229 |     89 |   3777 |   9 |  636.6 |
       Dungeon |   5433 |   5212 |    221 |     89 |   3641 |   7 |  776.1 |
        Temple |     16 |      8 |      8 |      0 |      0 |   1 |   16.0 |
         Sewer |    279 |    279 |      0 |      0 |    136 |   1 |  279.0 |
               +--------+--------+--------+--------+--------+-----+--------+

Top non-repeatable levels by time:
     D:6: 1037 daAuts
     D:4: 992 daAuts
     D:3: 906 daAuts
     D:1: 868 daAuts
     D:5: 773 daAuts
     D:2: 706 daAuts
   Sewer: 279 daAuts
     D:7: 147 daAuts
  Temple: 16 daAuts
